 Dungeon Crawl Stone Soup version 0.24-a0-582-g4d4af813a0 (webtiles) character file.

Game seed: 15652449661248768358

357 ElectroBlueGuy the Poker (level 6, -29/56 HPs)
             Began as a Minotaur Berserker on Aug 26, 2019.
             Was a Believer of Trog.
             Killed from afar by an orc wizard (34 damage)
             ... with an exploding inner flame
             ... hexed by the player character
             ... on level 5 of the Dungeon.
             The game lasted 00:29:19 (4312 turns).

ElectroBlueGuy the Poker (Minotaur Berserker)       Turns: 4312, Time: 00:29:20

Health: -29/56     AC: 15    Str: 23    XL:     6   Next: 37%
Magic:  5/5        EV:  8    Int:  4    God:    Trog [**....]
Gold:   240        SH:  0    Dex: 10    Spells: 5/5 levels left

rFire    . . .     SeeInvis .   a - +0 spear
rCold    + . .     Gourm    .   (no shield)
rNeg     . . .     Faith    .   k - +2 plate armour
rPois    .         Spirit   .   (helmet restricted)
rElec    .         Reflect  .   (no cloak)
rCorr    .         Harm     .   (no gloves)
MR       .....                  u - +0 pair of boots
Stlth    ..........             (no amulet)
HPRegen  0.18/turn              l - ring of protection from cold
MPRegen  0.09/turn              (no ring)

@: no status effects
A: retaliatory headbutt, horns 2
a: Berserk, Trog's Hand, Renounce Religion


You were on level 5 of the Dungeon.
You worshipped Trog.
Trog was pleased with you.
You were not hungry.

You visited 1 branch of the dungeon, and saw 5 of its levels.

You collected 240 gold pieces.

Inventory:

Hand Weapons
 a - a +0 spear (weapon)
 n - a +2 quarterstaff of chaos
Missiles
 d - 128 stones (quivered)
 h - 4 atropa-tipped darts
 i - 27 sling bullets
 t - 47 bolts
Armour
 k - a +2 plate armour (worn)
 u - a +0 pair of boots (worn)
Jewellery
 l - a ring of protection from cold (left hand)
Wands
 o - a wand of digging (2)
 r - a wand of disintegration (6)
Scrolls
 e - a scroll of magic mapping
 f - a scroll of blinking
 j - 2 scrolls of teleportation
 m - 5 scrolls of amnesia
 p - 2 scrolls of fog
 v - a scroll of immolation
Potions
 b - a potion of cancellation {unknown}
Comestibles
 c - 6 rations
 w - a chunk of flesh


   Skills:
 + Level 5.3 Fighting
 * Level 5.9 Polearms
 + Level 4.5 Armour
 - Level 3.4 Dodging


You had 5 spell levels left.
You didn't know any spells.
Your spell library contained the following spells:

 Spells                   Type           Power        Failure   Level  Hunger
 Magic Dart               Conj           #...         100%        1    ##.....
 Blink                    Tloc           N/A          100%        2    ###....
 Call Imp                 Summ           #.......     100%        2    ###....
 Slow                     Hex            #.......     100%        2    ###....
 Conjure Flame            Conj/Fire      #.......     100%        3    ####...
 Mephitic Cloud           Conj/Pois/Air  #.......     100%        3    ####...


Dungeon Overview and Level Annotations

Branches:
Dungeon (5/15)             Temple (0/1) D:4

Altars:
Cheibriados
Dithmenos
Fedhas
Makhleb
Okawaru
Qazlal
Uskayaw
Vehumet
Yredelemnul

Shops:
D:4 *


Innate Abilities, Weirdness & Mutations

You reflexively headbutt those who attack you in melee.
You have a pair of horns on your head.


Message History

You can't go down here!
The orc closely misses you. You furiously retaliate!
You headbutt the orc!
The orc explodes!
The fiery explosion engulfs the orc!!!
The orc explodes!
The fiery explosion engulfs the orc!!
The orc explodes!
The fiery explosion engulfs you!! Trog accepts your kill.
The fiery explosion engulfs the orc wizard!
The orc wizard is severely wounded.
The fiery explosion engulfs you! Trog accepts your kill.
The fiery explosion engulfs you!!
* * * LOW HITPOINT WARNING * * *
The fiery explosion engulfs the orc wizard!!!
The orc wizard explodes!
The fiery explosion engulfs you!!
Ouch! That really hurt!
You die...

%..###.......#
....#........#
#...........
.#..........##
.)...........##
.........#....#.
.......§§§......
##.§§@§§.....|
#..§§§§..##..
.....§§§§...#
..##.)...>......
. ##...........
#...........
............
........%....
?#..##........


There were no monsters in sight!

Vanquished Creatures
  An orc priest (D:4)
  A hound (D:4)
  Crazy Yiuf (D:3)
  An iguana (D:4)
  2 worker ants (D:4)
  2 orc wizards (D:4)
  3 gnolls (D:3)
  2 adders (D:2)
  An adder skeleton (D:4)
  A worm (D:3)
  2 dart slugs
  3 leopard geckos (D:3)
  9 orcs
  3 ball pythons
  A giant cockroach (D:1)
  8 goblins
  12 hobgoblins
  4 jackals (D:1)
  7 kobolds
  2 quokkas
  9 bats
  5 frilled lizards
  4 rats
  A spectral orc (D:2)
  2 fungi (D:3)
87 creatures vanquished.

Vanquished Creatures (others)
  A ball python (D:1)
1 creature vanquished.

Grand Total: 88 creatures vanquished

Notes
Turn   | Place    | Note
-------+----------+-------------------------------------------
     0 | D:1      | ElectroBlueGuy the Minotaur Berserker began the quest for
                  | the Orb.
     0 | D:1      | Reached XP level 1. HP: 19/19 MP: 0/0
   364 | D:1      | Reached XP level 2. HP: 27/27 MP: 1/1
   975 | D:2      | Reached XP level 3. HP: 33/33 MP: 2/2
   982 | D:2      | Found an iron altar of Okawaru.
  1190 | D:2      | Reached ** piety under Trog
  1510 | D:2      | Found a burning altar of Makhleb.
  1926 | D:2      | Reached XP level 4. HP: 37/41 MP: 3/3
  1995 | D:2      | Found a basalt altar of Yredelemnul.
  2601 | D:3      | Found a stormy altar of Qazlal.
  2602 | D:3      | Found a snail-covered altar of Cheibriados.
  2602 | D:3      | Found a radiant altar of Vehumet.
  2604 | D:3      | Found a hide-covered altar of Uskayaw.
  2727 | D:3      | Found a runed translucent door.
  2728 | D:3      | Noticed Crazy Yiuf
  2736 | D:3      | Killed Crazy Yiuf
  2736 | D:3      | Reached XP level 5. HP: 47/47 MP: 4/4
  3201 | D:4      | Found Ximpicou's Assorted Antiques.
  3241 | D:4      | Found a shadowy altar of Dithmenos.
  3279 | D:4      | Reached skill level 5 in Fighting
  3279 | D:4      | Reached skill level 5 in Polearms
  3544 | D:4      | Found a blossoming altar of Fedhas.
  3783 | D:4      | Reached XP level 6. HP: 46/56 MP: 5/5
  3806 | D:4      | Found a staircase to the Ecumenical Temple.
  4308 | D:5      | Entered Level 5 of the Dungeon
  4312 | D:5      | Killed from afar by an orc wizard

Levels and vault maps discovered:
D:1:      dpeg_arrival_windows_large_door, layout_loops_corners,
          nrook_mini_backslash, lemuel_flame_loot_1
D:2:      layout_loops_corners, yredelemnul_forgotten_temple_becter,
          lemuel_doored_altar, nicolae_overflow_crystal_walls
D:3:      layout_loops_ring, chequers_temple_overflow_statue_of_worship,
          first_ration, uniq_crazy_yiuf_cottage
D:4:      layout_basic, overflow_temple_1_default, fedhas_ov_isle_minmay,
          minmay_temple_entry_poolview, serial_shops, nicolae_shop_waterfront
D:5:      layout_cave_pools, trog_three_pillars_becter, uniq_sigmund

Skill      XL: |  1  2  3  4  5 |
---------------+----------------+-----
Fighting       | 4 5 |  5.3
Polearms       | 4 5 |  5.9
Armour         | 3 4 |  4.5
Dodging        | 3 |  3.4

Action                   |  1- 3 |  4- 6 || total
-------------------------+-------+-------++-------
Melee: Spear             |   116 |   158 ||   274
       Headbutt          |    13 |    23 ||    36
Throw: Stone             |    21 |    24 ||    45
Invok: Berserk           |       |     3 ||     3
       Trog's Hand       |       |     1 ||     1
Evoke: Wand              |       |     4 ||     4
  Use: Scroll            |     7 |     6 ||    13
       Potion            |     5 |     1 ||     6
 Stab: Sleeping          |     1 |       ||     1
  Eat: Chunk             |     3 |     4 ||     7
       Ration            |       |     2 ||     2
Armor: Ring mail         |     4 |       ||     4
       Plate armour      |    33 |     9 ||    42
       Leather armour    |     5 |    22 ||    27
Dodge: Dodged            |    54 |    48 ||   102

Table legend:
 A = Non-vault XP
 B = Vault XP
 C = Vault XP percentage of total XP
 D = Non-vault monster count
 E = Vault monster count
 F = Vault count percentage of total count
                 A         B        C        D         E       F
            +---------+---------+-------+---------+---------+-------
      Total |     470 |      41 |   8.0 |      83 |       2 |   2.4
            +---------+---------+-------+---------+---------+-------
        D:1 |      39 |       0 |   0.0 |      21 |       0 |   0.0
        D:2 |      60 |       1 |   1.6 |      21 |       1 |   4.5
        D:3 |      91 |      40 |  30.5 |      27 |       1 |   3.6
        D:4 |     274 |       0 |   0.0 |      12 |       0 |   0.0
        D:5 |       6 |       0 |   0.0 |       2 |       0 |   0.0
            +---------+---------+-------+---------+---------+-------
